 Dungeon Crawl Stone Soup version 0.25-a0-36-g303dd5b1f4 (webtiles) character file.

Game seed: 7999578242374950487, levelgen mode: deterministic

609 Froggeryz the Cudgeler (level 7, 0/60 HPs)
             Began as a Gnoll Chaos Knight on Oct 20, 2019.
             Was a Plaything of Xom.
             Slain by a meliai (13 damage)
             ... on level 4 of the Dungeon.
             The game lasted 00:09:20 (4131 turns).

Froggeryz the Cudgeler (Gnoll Chaos Knight)         Turns: 4131, Time: 00:09:21

Health: 0/60       AC:  5    Str: 13 (14) XL:     7   Next: 43%
Magic:  10/10      EV: 13    Int: 16      God:    Xom [*.....]
Gold:   191        SH:  0    Dex: 15      Spells: 10/10 levels left

rFire    . . .     SeeInvis .   o - +2 short sword (protect)
rCold    + . .     Gourm    .   (no shield)
rNeg     . . .     Faith    .   b - +2 leather armour
rPois    .         Spirit   .   j - +1 hat
rElec    .         Reflect  .   (no cloak)
rCorr    .         Harm     .   (no gloves)
MR       .....                  (no boots)
Stlth    ++........             (no amulet)
HPRegen  0.20/turn              (no ring)
MPRegen  0.12/turn              (no ring)

@: slowed, very slow
A: distributed training, antennae 1, fangs 1, cold resistance 1, deformed body,
strong nose
a: Renounce Religion


You were on level 4 of the Dungeon.
You worshipped Xom.
You were a special plaything of Xom.
You were not hungry.

You visited 1 branch of the dungeon, and saw 6 of its levels.

You collected 191 gold pieces.

Inventory:

Hand Weapons
 a - a +0 mace of chaos
 m - a +0 hunting sling
 o - a +2 short sword of protection (weapon)
Missiles
 h - 31 sling bullets
Armour
 b - a +2 leather armour (worn)
 j - a +1 hat (worn)
 k - a +0 buckler
Jewellery
 e - an uncursed ring of fire {unknown}
Scrolls
 f - a scroll of identify {unknown}
 g - a scroll of amnesia
 i - a scroll of blinking
 l - a scroll of enchant armour {unknown}
 n - a scroll of remove curse {unknown}
 p - a scroll of fear {unknown}
 q - a scroll of immolation {unknown}
Comestibles
 c - 6 rations
 r - a chunk of flesh


   Skills:
 + Level 7.0 Fighting
 + Level 2.4 Short Blades
 + Level 2.4 Long Blades
 + Level 2.4 Axes
 + Level 7.0 Maces & Flails
 + Level 2.4 Polearms
 + Level 2.4 Staves
 + Level 2.4 Slings
 + Level 2.4 Bows
 + Level 2.4 Crossbows
 + Level 2.4 Throwing
 + Level 5.2 Armour
 + Level 3.6 Dodging
 + Level 2.4 Stealth
 + Level 2.4 Shields
 + Level 2.4 Unarmed Combat
 + Level 2.4 Spellcasting
 + Level 2.0 Conjurations
 + Level 2.0 Hexes
 + Level 2.0 Charms
 + Level 2.0 Summonings
 + Level 2.0 Necromancy
 + Level 2.0 Translocations
 + Level 2.0 Transmutations
 + Level 2.0 Fire Magic
 + Level 2.0 Ice Magic
 + Level 2.0 Air Magic
 + Level 2.0 Earth Magic
 + Level 2.0 Poison Magic
 + Level 2.7 Invocations
 + Level 2.4 Evocations


You had 10 spell levels left.
You didn't know any spells.
Your spell library was empty.

Dungeon Overview and Level Annotations

Branches:
Dungeon (6/15)             Temple (0/1) D:4

Altars:
Fedhas

Shops:
D:5 [=

Annotations:
D:3 Grinder
D:4 3 runed translucent doors, kkkmkkk's ghost, amateur DEFE


Innate Abilities, Weirdness & Mutations

Your experience applies equally to all skills.
You have very sharp teeth.
Your uncanny sense of smell can sniff out nearby items.
You have a pair of small antennae on your head.
Your flesh is cold resistant. (rC+)
Armour fits poorly on your strangely shaped body.


Message History

It was a potion of mutation.
You feel extremely strange.
You feel clever. A pair of antennae grows on your head!
Your body twists and deforms.
You feel resistant to cold.
Xom thinks this is hilarious!
The polar bear bites you.
The polar bear claws you but does no damage.
The polar bear claws you. The polar bear bites you!
The polar bear claws you but does no damage.
The polar bear closely misses you.
Okay, then. "This might be better!"
The polar bear evaporates and reforms as a meliai!
The meliai barely misses you. The meliai stings you.
The meliai barely misses you. x2
The meliai invokes the aid of its god against you.
Something smites you!
* * * LOW HITPOINT WARNING * * *
The meliai hits you!
You die...
Xom giggles madly!

##### ....##
.....##
.##...##### .
##......# .
#..###.# . ##..#
#.# %##...#
#.##############
##...##
#......y@......#
#...##
#.########.....#
#. ...## #.#
#.....# #. ..##
#.# #.....# #.
.## #.#
#...รท.#########.
.# #.#
#...>...........
.########.#
#.....##........
..........#
#.....##........
###########
####.###........


You could see a meliai.

Vanquished Creatures
  An ogre (D:5)
  A scorpion (D:4)
  2 howler monkeys (D:4)
  A crimson imp (D:6)
  2 hounds
  A bullfrog skeleton (D:3)
  A centaur skeleton (D:4)
  2 worker ants (D:4)
  A howler monkey skeleton (D:6)
  3 gnolls (D:4)
  9 adders
  An adder zombie (D:5)
  2 oozes
  A worm (D:2)
  2 dart slugs (D:1)
  A leopard gecko (D:4)
  A ball python (shapeshifter) (D:2)
  7 giant cockroaches
  5 goblins
  4 hobgoblins
  7 jackals
  9 kobolds
  A quokka (D:2)
  2 ball pythons
  6 bats
  6 frilled lizards
  A leopard gecko skeleton (D:4)
  8 rats
88 creatures vanquished.

Notes
Turn   | Place    | Note
-------+----------+-------------------------------------------
     0 | D:1      | Froggeryz the Gnoll Chaos Knight began the quest for the
                  | Orb.
     0 | D:1      | Reached XP level 1. HP: 23/23 MP: 1/1
    49 | D:1      | Reached XP level 2. HP: 29/29 MP: 2/2
   328 | D:1      | Reached XP level 3. HP: 22/35 MP: 3/3
   468 | D:1      | XOM: divination: magic mapping
   758 | D:1      | XOM: noise
   990 | D:1      | XOM: cloud trail
  1098 | D:2      | Reached skill level 1 in Invocations
  1166 | D:2      | Reached skill level 1 in Short Blades
  1166 | D:2      | Reached skill level 1 in Long Blades
  1166 | D:2      | Reached skill level 1 in Axes
  1166 | D:2      | Reached skill level 1 in Polearms
  1166 | D:2      | Reached skill level 1 in Staves
  1166 | D:2      | Reached skill level 1 in Slings
  1166 | D:2      | Reached skill level 1 in Bows
  1166 | D:2      | Reached skill level 1 in Crossbows
  1166 | D:2      | Reached skill level 1 in Throwing
  1166 | D:2      | Reached skill level 1 in Stealth
  1166 | D:2      | Reached skill level 1 in Shields
  1166 | D:2      | Reached skill level 1 in Unarmed Combat
  1166 | D:2      | Reached skill level 1 in Spellcasting
  1166 | D:2      | Reached skill level 1 in Evocations
  1166 | D:2      | Reached XP level 4. HP: 36/41 MP: 5/5
  1189 | D:2      | XOM: give mutation
  1189 | D:2      | Gained mutation: You are dopey. (Int -2) [Xom's mischief]
  1202 | D:2      | Found a faded altar of an unknown god.
  1206 | D:2      | XOM: smoke on damage
  1472 | D:2      | Reached skill level 1 in Conjurations
  1472 | D:2      | Reached skill level 1 in Hexes
  1472 | D:2      | Reached skill level 1 in Charms
  1472 | D:2      | Reached skill level 1 in Summonings
  1472 | D:2      | Reached skill level 1 in Necromancy
  1472 | D:2      | Reached skill level 1 in Translocations
  1472 | D:2      | Reached skill level 1 in Transmutations
  1472 | D:2      | Reached skill level 1 in Fire Magic
  1472 | D:2      | Reached skill level 1 in Ice Magic
  1472 | D:2      | Reached skill level 1 in Air Magic
  1472 | D:2      | Reached skill level 1 in Earth Magic
  1472 | D:2      | Reached skill level 1 in Poison Magic
  1733 | D:3      | Noticed Grinder
  1741 | D:3      | XOM: scenery: 1 doors open
  1788 | D:3      | Found a blossoming altar of Fedhas.
  1811 | D:3      | Reached XP level 5. HP: 27/47 MP: 6/6
  1937 | D:3      | Paralysed by Grinder for 4 turns
  2051 | D:4      | XOM: severe Tmut miscast
  2115 | D:4      | Found a runed translucent gate.
  2115 | D:4      | Found a runed translucent gate.
  2122 | D:4      | XOM: medium Necr miscast
  2248 | D:4      | XOM: medium Chrm miscast
  2262 | D:4      | Found a runed translucent gate.
  2271 | D:4      | XOM: mild Summ miscast
  2280 | D:4      | Noticed kkkmkkk's ghost (amateur DEFE)
  2286 | D:4      | XOM: severe Chrm miscast
  2412 | D:3      | XOM: mild Pois miscast
  2571 | D:3      | XOM: silly message
  2575 | D:4      | Noticed a glowing shapeshifter
  2575 | D:4      | a gnoll shaman changed into a glowing shapeshifter
  2575 | D:4      | XOM: polymorph gnoll shaman -> glowing shapeshifter
  2575 | D:4      | Noticed a lindwurm
  2575 | D:4      | a glowing shapeshifter changed into a lindwurm
  2580 | D:3      | Noticed a troll
  2580 | D:3      | a lindwurm changed into a troll
  2613 | D:3      | XOM: swap monsters
  2946 | D:4      | XOM: smoke on damage
  2953 | D:4      | Found a staircase to the Ecumenical Temple.
  2953 | D:4      | XOM: 4-stop teleportation journey
  2967 | D:4      | XOM: summons 3 hostile shadow creatures
  2968 | D:4      | Noticed an ogre
  2991 | D:3      | Noticed a harpy
  2991 | D:3      | Noticed a raiju
  2991 | D:3      | a harpy changed into a raiju
  2991 | D:3      | Noticed an orb spider
  2991 | D:3      | a raiju changed into an orb spider
  2992 | D:3      | XOM: cleaving
  2996 | D:3      | Noticed a glowing shapeshifter
  2996 | D:3      | an orb spider changed into a glowing shapeshifter
  2996 | D:3      | XOM: polymorph orb spider -> glowing shapeshifter
  2996 | D:3      | Noticed a cyclops
  2996 | D:3      | a glowing shapeshifter changed into a cyclops
  3011 | D:3      | You fall into a shaft and drop 3 floors!
  3011 | D:6      | XOM: enchant monster (bad)
  3025 | D:6      | Reached XP level 6. HP: 53/53 MP: 8/8
  3059 | D:6      | Noticed a sky beast
  3061 | D:6      | XOM: summons 3 hostile demons
  3062 | D:6      | Noticed a chaos spawn
  3064 | D:6      | XOM: blink monster(s)
  3098 | D:5      | Entered Level 5 of the Dungeon
  3098 | D:5      | Found Nucwea's Antique Armour Shoppe.
  3098 | D:5      | Found Ivivaraa's Jewellery Boutique.
  3228 | D:5      | XOM: stat loss: -1 Int (13/14)
  3279 | D:5      | Reached skill level 5 in Armour
  3438 | D:5      | XOM: summons 3 hostile demons
  3439 | D:5      | Noticed a hellwing
  3746 | D:4      | Reached XP level 7. HP: 56/59 MP: 10/10
  3749 | D:4      | XOM: noise
  3751 | D:4      | XOM: polymorph hound -> worker ant
  3862 | D:4      | Noticed a polar bear
  3862 | D:4      | a black bear changed into a polar bear
  3862 | D:4      | XOM: polymorph black bear -> polar bear
  3882 | D:4      | XOM: stat loss: -1 Str (13/14)
  4125 | D:4      | XOM: medium Chrm miscast
  4129 | D:4      | Lost mutation: You are dopey. (Int -2) [potion of mutation]
  4129 | D:4      | Gained mutation: You have a pair of small antennae on your
                  | head. [potion of mutation]
  4129 | D:4      | Gained mutation: Armour fits poorly on your strangely
                  | shaped body. [potion of mutation]
  4129 | D:4      | Gained mutation: Your flesh is cold resistant. (rC+)
                  | [potion of mutation]
  4130 | D:4      | Noticed a meliai
  4130 | D:4      | a polar bear changed into a meliai
  4130 | D:4      | XOM: polymorph polar bear -> meliai
  4131 | D:4      | Slain by a meliai

Levels and vault maps discovered:
D:1:      psy_arrival_radial01, layout_basic
D:2:      layout_rooms, chequers_ecumenical_altar_island, minmay_door_square,
          kennysheep_potato
D:3:      layout_basic, fedhas_altar_1, uniq_grinder
D:4:      black_bear_nest_2, layout_basic, minmay_temple_entry_glassed_door,
          gammafunk_ghost_necromancy
D:5:      layout_cave_pools, first_ration, serial_shops, shop, shop, shop, shop,
          shop
D:6:      layout_loops_corners, grunt_qazlal_sundering, uniq_menkaure,
          uniq_crazy_yiuf_cottage, uniq_eustachio

Skill      XL: |  1  2  3  4  5  6  7 |
---------------+----------------------+-----
Invocations    | 1 2 |  2.7
Short Blades   | 1 2 |  2.4
Long Blades    | 1 2 |  2.4
Axes           | 1 2 |  2.4
Polearms       | 1 2 |  2.4
Staves         | 1 2 |  2.4
Slings         | 1 2 |  2.4
Bows           | 1 2 |  2.4
Crossbows      | 1 2 |  2.4
Throwing       | 1 2 |  2.4
Stealth        | 1 2 |  2.4
Shields        | 1 2 |  2.4
Unarmed Combat | 1 2 |  2.4
Spellcasting   | 1 2 |  2.4
Evocations     | 1 2 |  2.4
Conjurations   | 1 2 |  2.0
Hexes          | 1 2 |  2.0
Charms         | 1 2 |  2.0
Summonings     | 1 2 |  2.0
Necromancy     | 1 2 |  2.0
Translocations | 1 2 |  2.0
Transmutations | 1 2 |  2.0
Fire Magic     | 1 2 |  2.0
Ice Magic      | 1 2 |  2.0
Air Magic      | 1 2 |  2.0
Earth Magic    | 1 2 |  2.0
Poison Magic   | 1 2 |  2.0
Dodging        | 3 |  3.6
Armour         | 5 |  5.2
Fighting       | 7 |  7.0
Maces & Flails | 7 |  7.0

Action                   |  1- 3 |  4- 6 |  7- 9 || total
-------------------------+-------+-------+-------++-------
Melee: Mace              |    91 |   106 |       ||   197
       Bite              |    13 |    20 |     8 ||    41
       Short sword       |       |    47 |    66 ||   113
       Unarmed           |       |     8 |       ||     8
  Use: Potion            |       |     4 |     1 ||     5
       Scroll            |       |     8 |       ||     8
 Stab: Sleeping          |     2 |     1 |     1 ||     4
       Invisible         |       |     1 |       ||     1
       Confused          |       |     1 |       ||     1
  Eat: Chunk             |     1 |     4 |     2 ||     7
       Ration            |       |     1 |       ||     1
Armor: Leather armour    |    33 |    59 |    46 ||   138
Dodge: Dodged            |    75 |   131 |    64 ||   270

Table legend:
 A = Non-vault XP
 B = Vault XP
 C = Vault XP percentage of total XP
 D = Non-vault monster count
 E = Vault monster count
 F = Vault count percentage of total count
                 A         B        C        D         E       F
            +---------+---------+-------+---------+---------+-------
      Total |     866 |       4 |   0.5 |      86 |       2 |   2.3
            +---------+---------+-------+---------+---------+-------
        D:1 |      52 |       0 |   0.0 |      29 |       0 |   0.0
        D:2 |      85 |       4 |   4.5 |      20 |       2 |   9.1
        D:3 |      85 |       0 |   0.0 |      15 |       0 |   0.0
        D:4 |     412 |       0 |   0.0 |      17 |       0 |   0.0
        D:5 |     167 |       0 |   0.0 |       3 |       0 |   0.0
        D:6 |      65 |       0 |   0.0 |       2 |       0 |   0.0
            +---------+---------+-------+---------+---------+-------
